 Dungeon Crawl Stone Soup version 0.28.0-53-g5a82cb258f (webtiles) character file.

Game seed: 2046611708305198571

46342 Peloso the Fencer (level 14, -4/127 HPs)
             Began as a Minotaur Fighter on June 10, 2022.
             Was the Champion of Okawaru.
             Slain by a catoblepas (21 damage)
             ... on level 13 of the Dungeon.
             The game lasted 00:40:48 (19719 turns).

Peloso the Fencer (Minotaur Fighter)               Turns: 19719, Time: 00:40:49

Health: -4/127     AC: 17    Str: 25    XL:     14   Next: 4%
Magic:  14/14      EV: 13    Int:  5    God:    Okawaru [******]
Gold:   1499       SH: 14    Dex: 11    Spells: 13/13 levels left

rFire   + . .      SeeInvis .   a - +8 falchion of Sixub {freeze, rPois rF+ Will+}
rCold   . . .      Faith    .   t - +2 kite shield
rNeg    . . .      Spirit   .   K - +6 scale mail of the Guardian {Regen+}
rPois   +          Reflect  .   (helmet restricted)
rElec   .          Harm     .   (no cloak)
rCorr   .          Rampage  .   (no gloves)
Will    ++...                   w - +0 pair of boots
Stlth   +.........              R - amulet of regeneration
HPRegen 1.91/turn               (no ring)
MPRegen 0.14/turn               (no ring)

@: studying Dodging
A: horns 2, retaliatory headbutt
a: Renounce Religion, Heroism, Finesse, Duel


You were on level 13 of the Dungeon.
You worshipped Okawaru.
Okawaru was exalted by your worship.
You visited 4 branches of the dungeon, and saw 20 of its levels.
You also visited: Volcano.

You collected 1962 gold pieces.
You spent 463 gold pieces at shops.

Inventory:

Hand Weapons
 a - the +8 falchion of Sixub (weapon) {freeze, rPois rF+ Will+}
   (Okawaru gifted it to you on level 1 of the Lair of Beasts)

   It freezes those it strikes, dealing additional cold damage.
   It can also slow down cold-blooded creatures.
   rF:        It protects you from fire.
   rPois:     It protects you from poison.
   Will:      It increases your willpower.
 b - a +5 scimitar of freezing
 c - a +3 long sword of flaming
Missiles
 z - 4 throwing nets (quivered)
Armour
 h - a +1 pair of boots
 t - a +2 kite shield (worn)
 v - the +5 leather armour "Seisoit" {rF+ rCorr Stlth+}
   (You found it on level 6 of the Dungeon)

   rF:        It protects you from fire.
   rCorr:     It protects you from acid and corrosion.
   Stlth:     It makes you more stealthy.
 w - a +0 pair of boots (worn)
 K - the +6 scale mail of the Guardian (worn) {Regen+}
   (You found it on level 9 of the Dungeon)

   Regen:     It increases your rate of health regeneration.
 T - a +0 plate armour of willpower
 U - a +2 chain mail of poison resistance
Jewellery
 I - a ring of ice
 J - a ring of ice
 O - an amulet of magic regeneration
 R - an amulet of regeneration (around neck)
Wands
 A - a wand of acid (6)
 B - a wand of digging (2)
 C - a wand of flame (48)
 E - a wand of iceblast (20)
 Q - a wand of mindburst (13)
Scrolls
 e - a scroll of blinking
 f - 4 scrolls of teleportation
 g - 2 scrolls of summoning
 i - 3 scrolls of enchant armour
 j - 3 scrolls of noise
 n - 3 scrolls of amnesia
 o - 4 scrolls of magic mapping
 p - a scroll of fear
 u - 2 scrolls of holy word
 y - 2 scrolls of fog
 D - 3 scrolls of silence {unknown}
 G - a scroll of immolation
 N - 2 scrolls of brand weapon
 V - a scroll of identify
 W - a scroll of vulnerability {unknown}
 X - a scroll of enchant weapon
 Y - a scroll of torment {unknown}
Potions
 d - a potion of might
 k - a potion of berserk rage
 l - a potion of haste
 m - 5 potions of curing
 q - 3 potions of mutation
 r - 4 potions of magic
 s - 2 potions of flight
 x - 2 potions of cancellation
 F - 5 potions of heal wounds
 H - a potion of invisibility
 L - 2 potions of degeneration
 M - a potion of ambrosia {unknown}
 P - 3 potions of attraction {unknown}
Miscellaneous
 S - a piece from Xom's chessboard (15/15)


   Skills:
 + Level 12.4 Fighting
 + Level 15.9 Long Blades
 + Level 12.8 Armour
 + Level 11.5 Dodging
 + Level 4.3 Stealth
 + Level 14.9 Shields
 + Level 1.6 Invocations
 + Level 0.4 Evocations


You had 13 spell levels left.
You didn't know any spells.
Your spell library contained the following spells:

 Spells                   Type           Power      Damage    Failure   Level
 Freeze                   Ice            0%         1d3       88%         1
 Corpse Rot               Necr/Air       0%         N/A       95%         2
 Scorch                   Fire           0%         2d5       95%         2
 Frozen Ramparts          Ice            0%         1d2       99%         3
 Gell's Gravitas          Tloc           0%         N/A       99%         3
 Lesser Beckoning         Tloc           0%         N/A       99%         3
 Teleport Other           Tloc           0%         N/A       99%         3
 Dispel Undead            Necr           0%         3d6       100%        4
 Flame Wave               Conj/Fire      0%         2d4       100%        4
 Hailstorm                Conj/Ice       0%         3d3       100%        4
 Ice Form                 Ice/Tmut       0%         N/A       100%        4
 Olgreb's Toxic Radiance  Pois           0%         N/A       100%        4
 Alistair's Intoxication  Tmut/Pois      0%         N/A       100%        5
 Borgnjor's Vile Clutch   Necr/Erth      0%         N/A       100%        5
 Conjure Ball Lightning   Conj/Air       0%         3x3d6     100%        6
 Dispersal                Tloc           0%         N/A       100%        6
 Eringya's Noxious Bog    Tmut/Pois      0%         N/A       100%        6
 Ozocubu's Refrigeration  Ice            0%         4d5       100%        7
 Discord                  Hex            0%         N/A       100%        8
 Disjunction              Tloc           0%         N/A       100%        8
 Ignition                 Fire           0%         3d3       100%        8
 Summon Ice Beast         Ice/Summ       Unusable   N/A       N/A         4
 Death Channel            Necr           Unusable   N/A       N/A         6
 Summon Cactus Giant      Summ           Unusable   N/A       N/A         6
 Malign Gateway           Summ/Tloc      Unusable   N/A       N/A         7
 Summon Horrible Things   Summ           Unusable   N/A       N/A         8

Dungeon Overview and Level Annotations

Branches:
Dungeon (13/15)            Temple (1/1) D:5            Lair (4/6) D:9
 Shoals (0/4) Lair:3       Spider (0/4) Lair:2          Orc (2/2) D:9
    Elf (0/3) Orc:2       Volcano (visited)
 Vaults: D:13-14

Altars:
Ashenzari
Cheibriados
Elyvilon
Hepliaklqana
Kikubaaqudgha
Makhleb
Nemelex Xobeh
Okawaru
Qazlal
Ru
Sif Muna
Trog
Uskayaw
Vehumet
Wu Jian
Yredelemnul
Zin

Shops:
D:1 [   D:8 *   D:12 !   Orc:2 **=(

Annotations:
D:12 3 runed translucent doors, Erymatos's ghost, journeyman MiBe


Innate Abilities, Weirdness & Mutations

You have a pair of horns on your head.
You reflexively headbutt those who attack you in melee.


Message History

The two-headed ogre hits you with a +0 giant spiked club!
The two-headed ogre hits you with a +0 giant club!
The catoblepas gores you!
You are engulfed in calcifying dust.
The catoblepas gores you!
The two-headed ogre hits you but does no damage.
The two-headed ogre hits you with a +0 giant club!!
The catoblepas breathes a plume of calcifying dust at you.
The blast of calcifying dust hits you!
* * * LOW HITPOINT WARNING * * *
You are engulfed in calcifying dust.
The two-headed ogre hits you with a +0 giant spiked club.
* * * LOW HITPOINT WARNING * * *
The two-headed ogre hits you with a +0 giant club.
* * * LOW HITPOINT WARNING * * *
The catoblepas breathes a plume of calcifying dust at you.
The blast of calcifying dust hits you but does no damage.
You are engulfed in calcifying dust.
The two-headed ogre hits you but does no damage.
The two-headed ogre hits you with a +0 giant club!!
* * * LOW HITPOINT WARNING * * *
The catoblepas gores you!!
* * * LOW HITPOINT WARNING * * *
You turn to flesh and can move again.
You hit the catoblepas. You freeze the catoblepas.
The catoblepas is almost dead.
You are engulfed in calcifying dust.
Unknown command.
You hit the catoblepas but do no damage.
You headbutt the catoblepas, but do no damage.
The catoblepas is almost dead.
You are engulfed in calcifying dust.
The catoblepas breathes a plume of calcifying dust at you.
The blast of calcifying dust hits you.
* * * LOW HITPOINT WARNING * * *
The two-headed ogre closely misses you. You block the two-headed ogre's attack.
You hit the catoblepas. You freeze the catoblepas.
Your headbutt misses the catoblepas.
The catoblepas is almost dead.
You are engulfed in calcifying dust.
The catoblepas gores you!!
You die...

.. #... #.##..#
##.....# ...#..##
}# # .. #.....#
.# .. ...#.....#
.##. .#....)YO#
...
......†@.##.#####
.###...§....!....
#......§....####
.......§....#
..##...§...## #
######...##
#.........#
#.[..<....#
#.>.......#


You could see a catoblepas and a two-headed ogre.

Vanquished Creatures
  A stone giant (Volcano)
  A boulder beetle (D:12)
  8 hydras
  A two-headed ogre (D:12)
  Erica (D:9)
  5 orc high priests (Orc:2)
  An orb spider (Lair:2)
  4 lindwurms (Lair:4)
  2 deep elf pyromancers
  7 orc knights
  An orc sorcerer (Orc:2)
  A cyclops (D:11)
  5 elephants (Lair:3)
  3 black mambas
  2 gargoyles
  Maggie (D:6)
  8 cane toads
  A rime drake (Lair:4)
  6 komodo dragons
  An efreet (Volcano)
  A tengu conjurer (D:13)
  6 trolls
  A hornet (D:4)
  4 blink frogs (Lair:4)
  A meliai zombie (D:12)
  A shadow (D:12)
  Sigmund (D:2)
  3 wyverns
  A wraith (D:9)
  A basilisk (Lair:3)
  21 yaks
  Grum (D:6)
  A steam dragon (D:9)
  Eustachio (D:4)
  6 wargs
  3 acid dragons
  10 water moccasins
  36 orc warriors
  3 sky beasts (D:7)
  An ice beast (D:7)
  7 wolves (Lair:1)
  18 ogres
  5 centaurs
  4 kobold brigands
  Blork the orc (D:6)
  9 bullfrogs
  6 gnoll sergeants
  3 earth elementals (Volcano)
  A scorpion (D:6)
  16 killer bees
  3 electric eels (D:12)
  7 wights (D:8)
  5 centaur zombies
  18 hounds
  3 jellies
  23 orc priests
  4 gnoll shamans (D:6)
  Jessica (D:2)
  2 iguanas (D:5)
  9 orc wizards
  A scorpion zombie (D:3)
  A killer bee zombie (D:8)
  A hound skeleton (D:4)
  A howler monkey zombie (D:9)
  29 gnolls
  6 adders
  A shadow imp (D:6)
  3 white imps
  3 ufetubi
  3 worms
  A dart slug (D:1)
  78 orcs
  3 endoplasms
  2 giant cockroaches
  4 hobgoblins
  13 jackals
  23 kobolds
  A quokka (D:2)
  4 ball pythons
  7 bats
  6 frilled lizards
  10 goblins
  2 rats (D:3)
511 creatures vanquished.

Vanquished Creatures (others)
  2 fungi (Lair:3)
  5 plants
7 creatures vanquished.

Grand Total: 518 creatures vanquished

Notes
Turn   | Place    | Note
-------+----------+-------------------------------------------
     0 | D:1      | Peloso the Minotaur Fighter began the quest for the Orb.
     0 | D:1      | Reached XP level 1. HP: 19/19 MP: 0/0
   120 | D:1      | Found Viosau's Antique Armour Shop.
   232 | D:1      | Reached XP level 2. HP: 27/27 MP: 1/1
   443 | D:1      | Found a faded altar of an unknown god.
   774 | D:2      | Reached XP level 3. HP: 33/33 MP: 2/2
   818 | D:2      | Noticed Jessica
   825 | D:2      | Killed Jessica
   826 | D:2      | Reached skill level 3 in Long Blades
  1060 | D:2      | Reached XP level 4. HP: 40/40 MP: 3/3
  1203 | D:2      | Found a bloodstained altar of Trog.
  1386 | D:2      | Noticed Sigmund
  1451 | D:2      | Killed Sigmund
  1452 | D:2      | Reached skill level 4 in Long Blades
  1452 | D:2      | Reached skill level 5 in Armour
  1452 | D:2      | Reached XP level 5. HP: 38/47 MP: 4/4
  1857 | D:3      | Reached skill level 1 in Dodging
  2140 | D:3      | Reached XP level 6. HP: 53/53 MP: 5/5
  2774 | D:4      | Noticed a hornet
  2781 | D:4      | Killed a hornet
  2782 | D:4      | Reached skill level 5 in Fighting
  2782 | D:4      | Reached skill level 5 in Long Blades
  2782 | D:4      | Reached XP level 7. HP: 61/61 MP: 6/6
  2795 | D:4      | Reached skill level 5 in Shields
  2806 | D:4      | Reached skill level 6 in Long Blades
  3331 | D:4      | Noticed Eustachio
  3349 | D:4      | Killed Eustachio
  3439 | D:5      | Entered Level 5 of the Dungeon
  3478 | D:5      | Noticed a yak
  3479 | D:5      | Noticed a yak
  3479 | D:5      | Noticed a yak
  3480 | D:5      | Noticed a yak
  3491 | D:5      | Reached skill level 7 in Long Blades
  3494 | D:5      | Killed a yak
  3495 | D:5      | Reached skill level 1 in Stealth
  3495 | D:5      | Reached XP level 8. HP: 44/70 MP: 7/7
  3826 | D:4      | Reached skill level 8 in Long Blades
  4472 | D:5      | Found a white marble altar of Elyvilon.
  4510 | D:5      | Found a staircase to the Ecumenical Temple.
  4575 | D:5      | Reached skill level 9 in Long Blades
  4845 | D:5      | Reached XP level 9. HP: 43/75 MP: 8/8
  5088 | Temple   | Entered the Ecumenical Temple
  5113 | Temple   | Became a worshipper of Warmaster Okawaru
  5204 | D:6      | Noticed Grum
  5221 | D:6      | Killed Grum
  5259 | D:6      | Identified the +5 leather armour "Seisoit" {rF+ rCorr
                  | Stlth+}
  5561 | D:6      | Reached * piety under Okawaru
  5568 | D:6      | Reached skill level 10 in Long Blades
  5749 | D:6      | Noticed Blork the orc
  6345 | D:6      | Killed Blork the orc
  7432 | D:6      | Noticed Maggie
  7448 | D:6      | Killed Maggie
  7449 | D:6      | Reached skill level 11 in Long Blades
  7499 | D:6      | Reached skill level 5 in Dodging
  7504 | D:6      | Reached ** piety under Okawaru
  8072 | D:1      | Bought a smoking scale mail for 252 gold pieces
  8072 | D:1      | Identified the +1 scale mail of Sajytiw {-Tele rElec Str+7}
                  | (You bought it in a shop on level 1 of the Dungeon)
  8214 | D:7      | Reached XP level 10. HP: 81/88 MP: 9/9
  9228 | D:8      | Found Gaug's Demolitions Depot.
  9680 | D:8      | Reached skill level 12 in Long Blades
  9684 | D:8      | Reached *** piety under Okawaru
 10148 | D:9      | Found a staircase to the Lair.
 10163 | D:9      | Noticed Erica
 10168 | D:9      | Killed Erica
 10168 | D:9      | Reached **** piety under Okawaru
 10169 | D:9      | Reached XP level 11. HP: 95/95 MP: 7/10
 10283 | D:9      | Identified the +6 scale mail of the Guardian {Regen+}
 10332 | D:9      | Found a staircase to the Orcish Mines.
 10528 | D:9      | Reached skill level 13 in Long Blades
 10588 | D:9      | Reached ***** piety under Okawaru
 10936 | D:10     | Entered Level 10 of the Dungeon
 10986 | D:10     | Noticed an orc knight
 11015 | D:10     | Killed an orc knight
 11303 | D:10     | Noticed a deep elf pyromancer
 11309 | D:10     | Killed a deep elf pyromancer
 11357 | D:10     | Reached skill level 10 in Shields
 11654 | D:11     | Identified the +7 broad axe of a sewer {vorpal, Str+5}
                  | (Okawaru gifted it to you on level 11 of the Dungeon)
 11654 | D:11     | Received a gift from Okawaru
 11958 | D:11     | Reached skill level 1 in Invocations
 12249 | Lair:1   | Entered Level 1 of the Lair of Beasts
 12330 | Lair:1   | Found a dark tunnel.
 12335 | Volcano  | Entered a volcano
 12364 | Volcano  | Noticed a stone giant
 12372 | Volcano  | Killed a stone giant
 12373 | Volcano  | Reached skill level 14 in Long Blades
 12513 | Volcano  | Reached skill level 10 in Armour
 13000 | Lair:1   | Reached skill level 10 in Fighting
 13162 | Lair:1   | Identified the +8 falchion of Sixub {freeze, rPois rF+
                  | Will+} (Okawaru gifted it to you on level 1 of the Lair of
                  | Beasts)
 13162 | Lair:1   | Received a gift from Okawaru
 13393 | Lair:1   | Reached XP level 12. HP: 105/106 MP: 11/11
 13625 | Lair:2   | Noticed a seven-headed hydra
 13687 | Lair:1   | Killed a three-headed hydra
 13846 | Lair:2   | Noticed a seven-headed hydra
 13853 | Lair:2   | Killed a five-headed hydra
 13981 | Lair:2   | Noticed an eight-headed hydra
 13998 | Lair:2   | Killed a five-headed hydra
 14078 | Lair:2   | Found a hole to the Spider Nest.
 14934 | Lair:3   | Found a staircase to the Shoals.
 14975 | Lair:3   | Noticed a seven-headed hydra
 14987 | Lair:3   | Killed a two-headed hydra
 15062 | Lair:3   | Noticed a six-headed hydra
 15071 | Lair:3   | Killed a two-headed hydra
 15487 | Lair:3   | Reached ****** piety under Okawaru
 15521 | Lair:3   | Received a gift from Okawaru
 15633 | Lair:4   | Noticed a seven-headed hydra
 15644 | Lair:4   | Killed a two-headed hydra
 15748 | Lair:4   | Reached XP level 13. HP: 104/116 MP: 12/12
 15839 | Lair:4   | Reached skill level 15 in Long Blades
 15850 | Lair:4   | Reached skill level 10 in Dodging
 16138 | Lair:4   | Identified the +9 glaive of the Wolf {freeze, *Rage Int+5}
 16224 | Lair:4   | Found the +6 Majin-Bo {vamp, MP+6 Int+6}
 16238 | Lair:4   | Received a gift from Okawaru
 16576 | D:12     | Found Catau's Distillery.
 17237 | D:12     | Bought a potion of degeneration for 14 gold pieces
 17237 | D:12     | Bought a potion of heal wounds for 70 gold pieces
 17237 | D:12     | Bought a potion of might for 56 gold pieces
 17334 | D:12     | Found a runed translucent gate.
 17334 | D:12     | Found a runed translucent gate.
 17334 | D:12     | Found a runed translucent gate.
 17334 | D:12     | Noticed Erymatos's ghost (journeyman MiBe)
 17336 | D:12     | Found a basalt altar of Yredelemnul.
 17704 | Orc:1    | Entered Level 1 of the Orcish Mines
 17932 | Orc:2    | Entered Level 2 of the Orcish Mines
 18006 | Orc:2    | Received a gift from Okawaru
 18400 | Orc:2    | Found a staircase to the Elven Halls.
 18872 | Orc:2    | Found Miniaxub's General Store.
 18875 | Orc:2    | Found Sunlaboc's Jewellery Shop.
 18876 | Orc:2    | Found Hairr's Weapon Shop.
 18877 | Orc:2    | Found March's Assorted Antiques.
 18884 | Orc:2    | Bought a scroll of magic mapping for 45 gold pieces
 18884 | Orc:2    | Bought a scroll of identify for 26 gold pieces
 19125 | Orc:1    | Reached XP level 14. HP: 91/127 MP: 14/14
 19151 | Orc:1    | You fall into a shaft and drop 1 floor!
 19719 | D:13     | Slain by a catoblepas

Illustrated notes

Levels and vault maps discovered:
D:1:      dpeg_arrival_snail, layout_basic,
          dreamdust_ecumenical_altar_sealed_demon, serial_shops, shop
D:2:      layout_loops_ring, basic_altar, chequers_serial_rivers_large_a,
          serial_bayou_pond_a, uniq_sigmund, uniq_jessica
D:3:      layout_loops_ring, hangedman_decor_opposing
D:4:      layout_cave_pods, minmay_manual_mess, uniq_eustachio
D:5:      layout_gridville, mainiacjoe_overflow_small_starburst, temple_green,
          chequers_serial_rivers_micro_d, hangedman_decor_slide_cut, hex_large
D:6:      layout_cave_pools, serial_gnoll_camp, gnoll_camp_huts_basic,
          grums_kennel, gnoll_camp_mini_hut, gnoll_camp_medium_02,
          gnoll_camp_mini_house, gnoll_camp_mini_hut, uniq_blork_the_orc,
          uniq_maggie
D:7:      layout_loops_ring, grunt_ministairs_8
D:8:      layout_basic, nicolae_blasting_shop
D:9:      layout_irregular_city, dpeg_oklobed_lair,
          kennysheep_orc_monster_closet_entryway, uniq_erica
D:10:     layout_roguey, minivault_27
D:11:     layout_roguey
D:12:     layout_basic, serial_shops, nicolae_shop_window_shopping,
          nicolae_yredelemnul_ghost_church
D:13:     kennysheep_seaside_town, layout_rooms, grunt_vaults_entry_fortified,
          pdpol_wu_jian_five_deadly_venoms
Temple:   grunt_wide_crystal_templ
Lair:1:   layout_loops_ring, nicolae_volcano_entry_s_turn
Lair:2:   layout_gridlike, nicolae_spider_entry_orb_guardian, lemuel_fruit_tree,
          infiniplex_staircase_pool_2, lemuel_fruit_fields
Lair:3:   layout_cave_pods, shoals_dummy_entry
Lair:4:   layout_cave_shapes, minmay_lindwurm_lava
Orc:1:    layout_diamond_mine, nicolae_orc_stony_grotto
Orc:2:    st_orc_pillars, layout_caves, mines2_lemuel

Skill      XL: |  1  2  3  4  5  6  7  8  9 10 11 12 13 |
---------------+----------------------------------------+-----
Fighting       | 4 5 6 7 8 10 11 12 | 12.4
Shields        | 4 5 6 9 10 12 14 | 14.9
Armour         | 4 5 6 8 9 10 11 12 | 12.8
Long Blades    | 3 4 5 7 9 11 12 14 15 | 15.9
Dodging        | 1 2 3 5 6 8 9 11 | 11.5
Stealth        | 1 2 3 4 |  4.3
Invocations    | 1 |  1.6
Evocations     | |  0.4

Action                   |  1- 3 |  4- 6 |  7- 9 | 10-12 | 13-15 || total
-------------------------+-------+-------+-------+-------+-------++-------
Melee: Long sword        |    60 |    75 |   246 |    69 |       ||   450
       Headbutt          |     8 |     7 |    45 |   121 |   109 ||   290
       Scimitar          |       |       |       |   337 |    15 ||   352
       Falchion          |       |       |       |   179 |   495 ||   674
Invok: Heroism           |       |       |     3 |     7 |     8 ||    18
Evoke: Wand              |       |       |       |     3 |       ||     3
  Use: Scroll            |     5 |       |     9 |     6 |     7 ||    27
       Potion            |       |       |     2 |     2 |     1 ||     5
 Stab: Sleeping          |       |       |     1 |     5 |       ||     6
       Distracted        |       |       |     1 |       |       ||     1
Armor: Scale mail        |    34 |    35 |    29 |   155 |   100 ||   353
       Chain mail        |       |       |    44 |       |       ||    44
       Leather armour    |       |       |    59 |    23 |       ||    82
Dodge: Dodged            |    35 |    41 |   155 |   201 |   150 ||   582
Block: Buckler           |    14 |    14 |    66 |       |       ||    94
       Kite shield       |       |       |     5 |   351 |   265 ||   621
